 Dungeon Crawl Stone Soup version 0.27.1-1-g398f81649c (webtiles) character file.

Game seed: 17146315004059396215

672 ZARRMARR the Sneak (level 7, -8/49 HPs)
             Began as an Octopode Monk on Sept 9, 2021.
             Was a Believer of Jiyva.
             Mangled by a troll (9 damage)
             ... on level 5 of the Dungeon.
             The game lasted 00:20:52 (5523 turns).

ZARRMARR the Sneak (Octopode Monk)                  Turns: 5523, Time: 00:20:54

Health: -8/49      AC:  1    Str: 11    XL:     7   Next: 58%
Magic:  7/7        EV: 16    Int: 13    God:    Jiyva [**....]
Gold:   318        SH:  0    Dex: 21    Spells: 6/6 levels left

rFire    + + .     SeeInvis .   a - +3 short sword (venom)
rCold    . . .     Faith    .   (no shield)
rNeg     . . .     Spirit   .   (helmet restricted)
rPois    +         Reflect  .   (no amulet)
rElec    .         Harm     .   f - +6 ring of dexterity
rCorr    .         Rampage  .   g - ring of protection from fire
Will     .....                  h - ring of protection from fire
Stlth    +++++.....             l - ring of poison resistance
HPRegen  0.16/turn              (no ring)
MPRegen  0.10/turn              (no ring)
                                (no ring)
                                (no ring)

@: no status effects
A: almost no armour, amphibious, 8 rings, camouflage 1, gelatinous body 1,
(nimble swimmer 1), tentacles
a: Renounce Religion, Request Jelly


You were on level 5 of the Dungeon.
You worshipped Jiyva.
Jiyva was pleased with you.
You visited 2 branches of the dungeon, and saw 6 of its levels.

You collected 318 gold pieces.

Inventory:

Hand Weapons
 a - a +3 short sword of venom (weapon)
Missiles
 m - 15 poisoned darts (quivered)
Jewellery
 f - a +6 ring of dexterity (left tentacle)
 g - a ring of protection from fire (right tentacle)
 h - a ring of protection from fire (on tentacle)
 l - a ring of poison resistance (on tentacle)
Wands
 c - a wand of digging (3)
 j - a wand of iceblast (4)
Scrolls
 i - a scroll of fog {unknown}
 p - a scroll of teleportation
 q - 2 scrolls of blinking {unknown}
Potions
 b - 6 potions of curing {unknown}
 d - a potion of attraction {unknown}
 e - 5 potions of lignification {unknown}
 k - a potion of might {unknown}
 n - 2 potions of haste {unknown}


   Skills:
 + Level 4.9 Fighting
 + Level 4.9 Short Blades
 + Level 5.0 Dodging
 + Level 6.3 Stealth


You had 6 spell levels left.
You didn't know any spells.
Your spell library was empty.

Dungeon Overview and Level Annotations

Branches:
Dungeon (5/15)             Temple (1/1) D:4

Altars:
Ashenzari
Cheibriados
Hepliaklqana
Makhleb
Nemelex Xobeh
Okawaru
Qazlal
Ru
Zin
The Shining One
Jiyva


Innate Abilities, Weirdness & Mutations

You cannot wear most types of armour.
You are amphibious.
You can wear up to eight rings at the same time.
Your skin changes colour to match your surroundings (Stealth+).
Your rubbery body absorbs attacks. (AC +1, EV +1)
((You are camouflaged near water. (Stealth+)))
You have tentacles for arms and can constrict up to eight enemies at once.


Message History

You closely miss the black bear. You grab the black bear.
The black bear is severely wounded.
You constrict the black bear. The black bear bites you.
The black bear claws you. The black bear barely misses you.
You puncture the black bear!
The black bear is poisoned.
The black bear is almost dead.
You constrict the black bear.
You kill the black bear!
Your Dodging skill increases to level 5!
Hit: a) +3 short sword (venom)
Press: ? - help, Dir - move target, f - you
Okay, then.
Aiming: Iceblast
Press: ? - help, Shift-Dir - straight line, f - troll
Aim: a troll The mass of ice explodes!
The iceblast engulfs the troll!
The troll is lightly wounded.
Aiming: Iceblast
Press: ? - help, Shift-Dir - straight line, f/p - troll
Aim: a troll (lightly wounded)
The mass of ice explodes!
The iceblast engulfs the troll!
The troll is heavily wounded.
Aiming: Iceblast
Press: ? - help, Shift-Dir - straight line, f/p - troll
Aim: a troll (heavily wounded)
The mass of ice explodes!
The iceblast engulfs the troll!
The troll is severely wounded.
You hit the troll but do no damage.
The troll is poisoned.
Your squeeze misses the troll.
The troll is severely wounded.
The troll bites you! The troll claws you! The troll closely misses you.
You closely miss the troll. Your squeeze misses the troll.
The troll is severely wounded.
You hit the troll but do no damage.
The troll looks as sick as possible!
You squeeze the troll, but do no damage.
The troll is severely wounded.
The troll bites you!
* * * LOW HITPOINT WARNING * * *
The troll misses you. The troll claws you!
You die...

###### .......
#
.....$.#######
#
##...#.......#
########
#............#
....>..#
....#....>..#
.......#
#............#
.......#
#....#.l.....#
######.#
#.#.##.T..)..#
# #.#
#.#.##.@.....#
# #.#
#......#######
# #.#
##.......# #
#.# #..####.#
#.####..#).....
#.........#
##.#
######.#### .
#.# #..


You could see a troll (extremely poisoned) and an iguana.

Vanquished Creatures
  Eustachio (D:5)
  A water moccasin (D:5)
  A black bear (D:5)
  An ogre (D:2)
  A hound (D:5)
  2 jellies (D:4)
  2 orc wizards (D:5)
  3 adders
  A worm (D:3)
  4 dart slugs
  8 orcs
  10 ball pythons
  4 bats
  10 endoplasms
  2 giant cockroaches
  6 goblins
  5 hobgoblins
  4 quokkas
  5 frilled lizards
  6 kobolds
  7 rats
84 creatures vanquished.

Vanquished Creatures (others)
  A centaur skeleton (D:5)
  A howler monkey skeleton (D:5)
  2 orcs (D:5)
  A quokka (D:5)
5 creatures vanquished.

Grand Total: 89 creatures vanquished

Notes
Turn   | Place    | Note
-------+----------+-------------------------------------------
     0 | D:1      | ZARRMARR the Octopode Monk began the quest for the Orb.
     0 | D:1      | Reached XP level 1. HP: 16/16 MP: 1/1
   254 | D:1      | Reached skill level 3 in Stealth
   254 | D:1      | Reached XP level 2. HP: 20/21 MP: 2/2
   707 | D:1      | Reached XP level 3. HP: 13/26 MP: 3/3
  1145 | D:2      | Found a sacrificial altar of Ru.
  1543 | D:2      | Noticed an ogre
  1810 | D:2      | Reached XP level 4. HP: 31/31 MP: 4/4
  2399 | D:3      | Found a glowing silver altar of Zin.
  2441 | D:3      | Reached skill level 4 in Stealth
  3113 | D:4      | Reached XP level 5. HP: 37/37 MP: 5/5
  3429 | D:4      | Found a staircase to the Ecumenical Temple.
  3438 | Temple   | Entered the Ecumenical Temple
  3561 | Temple   | Became a worshipper of Jiyva Jiappohu the Shapeless
  3561 | Temple   | Reached * piety under Jiyva
  3561 | Temple   | Reached ** piety under Jiyva
  5058 | D:2      | Killed an ogre
  5059 | D:2      | Reached skill level 5 in Stealth
  5059 | D:2      | Reached XP level 6. HP: 43/43 MP: 6/6
  5155 | D:5      | Entered Level 5 of the Dungeon
  5177 | D:5      | Noticed Eustachio
  5184 | D:5      | Killed Eustachio
  5223 | D:5      | Reached XP level 7. HP: 34/49 MP: 7/7
  5244 | D:5      | Reached skill level 6 in Stealth
  5512 | D:5      | Noticed a troll
  5516 | D:5      | Reached skill level 5 in Dodging
  5523 | D:5      | HP: 1/49 [troll (15)]
  5523 | D:5      | Mangled by a troll

Illustrated notes

Levels and vault maps discovered:
D:1:      dpeg_arrival_radiant, layout_loops_ring, kennysheep_minor_cross,
          minmay_misc_feat_chi, minmay_cut_off
D:2:      layout_basic, basic_altar, minmay_distorted
D:3:      layout_basic, nicolae_overflow_crystal_walls
D:4:      layout_basic, minmay_temple_entry_purple_smoke
D:5:      layout_loops_cross, fedhas_altar_fruit_tree, uniq_eustachio
Temple:   pf_slimified_temple

Skill      XL: |  1  2  3  4  5  6  7 |
---------------+----------------------+-----
Stealth        | 3 4 5 6 |  6.3
Dodging        | 4 5 |  5.0
Fighting       | 4 |  4.9
Short Blades   | 4 |  4.9

Action                   |  1- 3 |  4- 6 |  7- 9 || total
-------------------------+-------+-------+-------++-------
Melee: Short sword       |    58 |    57 |    16 ||   131
       Constrict         |    11 |    10 |     2 ||    23
       Tentacles         |    12 |     8 |     4 ||    24
Invok: Request Jelly     |       |    10 |       ||    10
Evoke: Wand              |       |     2 |     5 ||     7
  Use: Scroll            |     3 |     7 |       ||    10
 Stab: Sleeping          |    15 |    20 |       ||    35
       Paralysed         |       |     2 |       ||     2
Armor: Skin              |     2 |     1 |     1 ||     4
Dodge: Dodged            |    21 |    24 |     6 ||    51
